 Dungeon Crawl Stone Soup version 0.18-a0-739-gdae9da8 (webtiles) character file.

6253 cluie the Martial Artist (level 10, -2/79 HPs)
             Began as a Demonspawn Transmuter on Dec 10, 2015.
             Was a Follower of Ru.
             Slain by an orc warrior
             ... wielding a +0 halberd
              (20 damage)
             ... in a bailey.
             The game lasted 00:20:04 (7508 turns).

cluie the Martial Artist (Demonspawn Transmuter)    Turns: 7508, Time: 00:20:04

Health: -2/79      AC: 11    Str: 11    XL:     10   Next: 62%
Magic:  4/26       EV: 16    Int: 15    God:    Ru [*.....]
Gold:   476        SH:  0    Dex: 16    Spells: 4 memorised, 9 levels left

rFire  . . .     SeeInvis .       - Unarmed
rCold  . . .     Clarity  .     s - +0 ring mail
rNeg   . . .     SustAt   .     (no shield)
rPois  .         Gourm    .     u - +1 helmet
rElec  .         Spirit   .     C - +2 cloak
rCorr  .         Dismiss  .     (no gloves)
rMut   .         Stasis   .     B - +0 pair of boots
MR     .....                    A - amulet of rage
Stlth  +.........               (no ring)
                                i - ring of magical power

@: exhausted, no scrolls, very slightly contaminated, hasted and slowed, repel
missiles, invisible (expiring), not resistant to hostile enchantments, very
unstealthy
A: talons 2, powered by death 2, spiny 1, inability to read while threatened,
sturdy frame 2
a: Renounce Religion, Evoke Berserk Rage


You were in a bailey.
You worshipped Ru.
Ru was aware of your devotion.
You were near starving.

You visited 2 branches of the dungeon, and saw 11 of its levels.
You also visited: Sewer and Bailey.

You collected 476 gold pieces.

Inventory:

Hand Weapons
 v - the +7 quarterstaff of Doom {elec, MR+ Str-4 Int+5}
   (You found it on level 8 of the Dungeon)

   Occasionally, upon striking a foe, it will discharge some electrical energy
   and cause terrible harm.
   It affects your strength (-4).
   It affects your intelligence (+5).
   It affects your resistance to hostile enchantments.
Missiles
 a - 93 arrows
Armour
 s - a +0 ring mail (worn)
 u - a +1 helmet (worn)
 B - a +0 pair of boots (worn)
 C - a +2 cloak (worn)
Jewellery
 i - a ring of magical power (left hand)
 A - an amulet of rage (around neck)
Scrolls
 b - 2 scrolls of fog
 g - 3 scrolls of teleportation
 w - 2 scrolls of remove curse
 x - a scroll of blinking
 y - 3 scrolls of identify
 I - a scroll of immolation
Potions
 e - a potion of haste
 f - a potion of cancellation
 h - a potion of resistance
 j - 3 potions of might
 o - a potion of beneficial mutation {unknown}
 p - 4 potions of curing
 r - a potion of flight
 z - a potion of invisibility
 D - a potion of lignification
 E - a potion of cure mutation
 J - a potion of magic
 K - 3 potions of heal wounds {unknown}
 L - a potion of berserk rage {unknown}
Books
 c - a book of Changes

   Spells                             Type                      Level
   a - Beastly Appendage              Transmutation                1
   b - Sticks to Snakes               Transmutation                2
   c - Spider Form                    Transmutation/Poison         3
   d - Ice Form                       Ice/Transmutation            4
   e - Blade Hands                    Transmutation                5
 k - a book of Air

   Spells                             Type                      Level
   a - Shock                          Conjuration/Air              1
   b - Swiftness                      Charms/Air                   2
   c - Repel Missiles                 Charms/Air                   2
   d - Static Discharge               Conjuration/Air              3
   e - Lightning Bolt                 Conjuration/Air              5
 l - a book of Enchantments

   Spells                             Type                      Level
   a - Cause Fear                     Hexes                        4
   b - Yara's Violent Unravelling     Hexes/Transmutation          5
   c - Silence                        Hexes/Air                    5
   d - Deflect Missiles               Charms/Air                   6
   e - Haste                          Charms                       6
   f - Discord                        Hexes                        8
Miscellaneous
 F - a lamp of fire
Comestibles
 d - 3 bread rations
 n - 5 meat rations
 q - a beef jerky
 t - 2 fruits
 G - a royal jelly
 H - 3 chunks of flesh


   Skills:
 + Level 7.2 Fighting
 + Level 8.2 Dodging
 + Level 8.7 Unarmed Combat
 + Level 5.0 Spellcasting
 + Level 5.0 Transmutations


You had 9 spell levels left.
You knew the following spells:

 Your Spells              Type           Power        Failure   Level  Hunger
a - Beastly Appendage     Trmt           ###...       2%          1    None
b - Sticks to Snakes      Trmt           ###.....     4%          2    ##.....
c - Repel Missiles        Chrm/Air       #.....       30%         2    ##.....
d - Blade Hands           Trmt           ###.......   75%         5    ######.


Dungeon Overview and Level Annotations

Branches:
Dungeon (10/15)            Temple (1/1) D:6
   Lair: D:8-11         Orc: D:9-12

Altars:
Ashenzari
Cheibriados
Dithmenos
Fedhas
Gozag
Makhleb
Nemelex Xobeh
Pakellas
Qazlal
Ru
Trog
Vehumet
Yredelemnul
Zin


Innate Abilities, Weirdness & Mutations

You have razor-sharp toenails.
You regenerate health from kills.
You are partially covered in sharp spines.
You cannot read scrolls while threatened.
Your movements are less encumbered by armour (ER -4).


Message History

* * * LOW HITPOINT WARNING * * *
Unknown command.
You punch the orc warrior!
The orc warrior is almost dead.
The orc completely misses you.
The orc warrior hits you but does no damage.
Unknown command.
You closely miss the orc warrior.
The orc warrior is almost dead.
You are no longer berserk.
You are exhausted.
You feel yourself slow down.
You are near starving!
The orc closely misses you.
You hit the orc warrior but do no damage.
The orc warrior is almost dead.
The orc is struck by your spines. The orc barely misses you.
The orc closely misses you.
The orc warrior hits you with a halberd!!
You die...

#...#
#...#
#.).#
#...#
###)###
##.....##
#..o....#
#..oooo.#
#..)@o).#
#..)))..#
#..)....#
#.......#
#.......#
#.......#
#∩.....∩#
#.......#
##..∩..##


You could see 2 orc warriors and 4 orcs.

Vanquished Creatures
  The ghost of cluie the Sneak, a novice DsAs of Dithmenos (D:8)
  2 orc knights (Bailey)
  Prince Ribbit (D:8)
  A shadow (D:10)
  A steam dragon (D:10)
  A hippogriff (D:10)
  A hungry ghost (D:8)
  Menkaure (D:7)
  6 orc warriors
  A black bear (D:8)
  3 sky beasts
  An ice beast (D:6)
  2 ogres
  4 centaurs
  Blork the orc (D:6)
  5 big kobolds (Sewer)
  5 giant frogs
  The ghost of cireshan the Conjurer, an amateur DECj (D:4)
  A water moccasin zombie (D:5)
  A wyvern skeleton (D:9)
  2 scorpions
  A crimson imp (D:6)
  3 hounds
  3 giant frog zombies
  5 jellies
  8 orc priests
  11 orc wizards
  An iguana (D:7)
  Natasha (twice) (D:3)
  4 worker ants
  6 gnolls
  9 adders
  3 river rats
  5 oozes
  An adder skeleton (D:5)
  5 worms
  6 giant geckos
  55 orcs
  6 ball pythons
  6 bats
  7 giant cockroaches
  3 goblins (D:2)
  8 hobgoblins
  14 jackals
  7 kobolds
  3 quokkas
  A giant gecko zombie (D:7)
  4 giant newts
  A quokka skeleton (D:4)
  11 rats
241 creatures vanquished.

Vanquished Creatures (collateral kills)
  2 big kobolds (Sewer)
  2 river rats (D:3)
  A worm (D:3)
  3 orcs (Bailey)
  A giant cockroach (D:3)
  A kobold (Sewer)
10 creatures vanquished.

Grand Total: 251 creatures vanquished

Notes
Turn   | Place    | Note
--------------------------------------------------------------
     0 | D:1      | cluie the Demonspawn Transmuter began the quest for the Orb.
     0 | D:1      | Reached XP level 1. HP: 15/15 MP: 3/3
   349 | D:1      | Gained mutation: You are partially covered in sharp spines. [demonic ancestry]
   349 | D:1      | Reached XP level 2. HP: 15/21 MP: 5/5
   412 | D:1      | Learned a level 2 spell: Sticks to Snakes
   593 | D:1      | Reached skill level 3 in Unarmed Combat
  1183 | D:2      | Reached XP level 3. HP: 23/27 MP: 6/6
  1189 | D:2      | Learned a level 3 spell: Spider Form
  1593 | D:2      | Found a stormy altar of Qazlal.
  1854 | D:3      | Gained mutation: Your movements are slightly less encumbered by armour (ER -2). [demonic ancestry]
  1854 | D:3      | Reached XP level 4. HP: 32/34 MP: 7/7
  1855 | D:3      | wait what
  1855 | D:3      | who the fuck added that
  1855 | D:3      | and why
  1855 | D:3      | i hope it's a scales
  1855 | D:3      | if it's tier 2 fuck you guys
  1964 | D:3      | Noticed Natasha
  2100 | D:3      | Found a glowing drain.
  2120 | D:3      | Reached skill level 4 in Unarmed Combat
  2209 | Sewer    | Entered a sewer
  2387 | Sewer    | Gained mutation: Your movements are less encumbered by armour (ER -4). [demonic ancestry]
  2387 | Sewer    | Reached XP level 5. HP: 33/39 MP: 8/8
  2572 | Sewer    | Gained mutation: You have sharp toenails. [demonic ancestry]
  2572 | Sewer    | Reached XP level 6. HP: 20/47 MP: 9/9
  2824 | Sewer    | Reached skill level 5 in Unarmed Combat
  2841 | Sewer    | Gained mutation: You regenerate a little health from kills. [demonic ancestry]
  2841 | Sewer    | Reached XP level 7. HP: 36/52 MP: 10/10
  2844 | Sewer    | hahahaha
  2844 | Sewer    | good game
  3179 | D:3      | Killed Natasha
  3355 | D:3      | Noticed Natasha
  3359 | D:3      | Killed Natasha
  3490 | D:4      | Noticed cireshan's ghost (amateur DECj)
  3497 | D:4      | Killed cireshan's ghost
  3545 | D:4      | Reached skill level 5 in Dodging
  3642 | D:4      | Reached skill level 6 in Unarmed Combat
  3813 | D:5      | Entered Level 5 of the Dungeon
  3856 | D:5      | Found a blossoming altar of Fedhas.
  3864 | D:5      | Reached XP level 8. HP: 51/60 MP: 11/11
  4555 | D:6      | Found a staircase to the Ecumenical Temple.
  4565 | Temple   | Entered the Ecumenical Temple
  4779 | Temple   | Became a worshipper of Ru the Awakened
  4950 | D:6      | Noticed Blork the orc
  4956 | D:6      | Killed Blork the orc
  5027 | D:6      | Reached skill level 7 in Unarmed Combat
  5175 | D:6      | Reached skill level 5 in Fighting
  5260 | D:6      | Learned a level 5 spell: Blade Hands
  5266 | D:6      | Learned a level 2 spell: Repel Missiles
  5425 | D:7      | Gained mutation: You regenerate health from kills. [demonic ancestry]
  5425 | D:7      | Reached XP level 9. HP: 50/68 MP: 12/12
  5705 | D:7      | Noticed Menkaure
  5715 | D:7      | Killed Menkaure
  5887 | D:7      | Found a sacrificial altar of Ru.
  6072 | D:8      | Got a smoking quarterstaff
  6074 | D:8      | Identified the +7 quarterstaff of Doom {elec, MR+ Str-4 Int+5} (You found it on level 8 of the Dungeon)
  6128 | D:8      | Found a burning altar of Makhleb.
  6148 | D:8      | Gained mutation: You cannot read scrolls while threatened. [Ru sacrifice]
  6148 | D:8      | Reached * piety under Ru
  6295 | D:8      | Noticed cluie's ghost (novice DsAs)
  6332 | D:8      | Killed cluie's ghost
  6332 | D:8      | Reached skill level 8 in Unarmed Combat
  6663 | D:8      | Gained mutation: You have razor-sharp toenails. [demonic ancestry]
  6663 | D:8      | Reached XP level 10. HP: 70/77 MP: 16/16
  6743 | D:8      | Noticed Prince Ribbit
  6770 | D:8      | Killed Prince Ribbit
  7103 | D:10     | Entered Level 10 of the Dungeon
  7297 | D:10     | Found a flagged portal.
  7309 | Bailey   | Entered a bailey
  7423 | Bailey   | Noticed an orc knight
  7423 | Bailey   | Noticed an orc knight
  7473 | Bailey   | i just watched three ball pythons kill an orc knight
  7494 | Bailey   | Killed an orc knight
  7503 | Bailey   | Killed an orc knight
  7503 | Bailey   | Reached skill level 5 in Spellcasting
  7503 | Bailey   | Reached skill level 5 in Transmutations
  7508 | Bailey   | Slain by an orc warrior

Vault maps used:
D:1:      lightli_iron_boxes
D:2:      lemuel_coloured_pillars_altar
D:3:      portal_sewer_entry_e, serial_glass, glass_columns_a, glass_columns_a,
          glass_columns_a, glass_columns_b, glass_columns_c, glass_columns_b,
          glass_columns_b, glass_columns_b, first_bread, uniq_natasha
D:5:      fedhas_altar_2
D:6:      temple_statues, uniq_blork_the_orc
D:7:      nicolae_overflow_hidden_temple, basic_altar, uniq_menkaure
D:8:      makhleb_heckhound_becter, serial_co_window_serial, co_window_paths_a,
          co_window_of_opportunity_a, co_window_paths_a,
          co_window_of_opportunity_a, co_window_corner_a, co_window_2corner,
          co_window_unsneaky_path_b, co_window_of_opportunity_c,
          glass_columns_a, glass_columns_a, glass_columns_c, glass_columns_b,
          glass_columns_b, uniq_prince_ribbit1
D:9:      tso_oasis_becter, gammafunk_temple_overflow_elements,
          minmay_misc_feat_square
D:10:     orc_0_dummy, enter_bailey_8
Temple:   minmay_temple_curvy_14
Sewer:    sewer_co_tree
Bailey:   bailey_polearm_5, bailey

Action                   |  1- 3 |  4- 6 |  7- 9 | 10-12 || total
-------------------------+-------+-------+-------+-------++-------
Melee: Unarmed           |    89 |    93 |   388 |   209 ||   779
 Cast: Beastly Appendage |     1 |     4 |       |       ||     5
       Sticks to Snakes  |     1 |    28 |     2 |    15 ||    46
       Spider Form       |     1 |       |       |       ||     1
       Repel Missiles    |       |       |     2 |     1 ||     3
Invok: Sacrifice Words   |       |       |     1 |       ||     1
 Abil: Evoke Berserk Rag |       |       |       |     1 ||     1
  Use: Scroll            |       |     8 |    17 |     2 ||    27
       Potion            |       |       |       |     2 ||     2
 Stab: Sleeping          |     3 |       |       |       ||     3
       Distracted        |       |     1 |       |       ||     1
       Invisible         |       |       |       |     6 ||     6
  Eat: Chunk             |     3 |     6 |     5 |     3 ||    17
       Bread ration      |       |       |     2 |     1 ||     3
